 Dungeon Sprint DCSS version 0.32-a0-798-gfa783ce77f (webtiles) character file.

Game seed: 4830111112540291705

15949 Revguard the Cleaver (level 12, -3/101 HPs)
             Began as a Mountain Dwarf Fighter on Mar 21, 2024.
             Was the Champion of Cheibriados.
             Killed from afar by a crystal guardian (21 damage)
             ... with a crystallizing shot
             ... in the Dungeon (Sprint V: "Ziggurat Sprint").
             The game lasted 00:12:00 (829 turns).

Revguard the Cleaver (Mountain Dwarf Fighter)        Turns: 829, Time: 00:12:02

Health: -3/101     AC: 26    Str: 49    XL:     12   Next: 5%
Magic:  10/25      EV:  8    Int: 27    God:    Cheibriados [******]
Gold:   0          SH: 32    Dex: 24    Spells: 23/29 levels left

rFire   . . .        D - +16 obsidian axe {drain, demonic, Mesm ^Drain Fly SInv}
rCold   . . .        C - +18 shield of the Gong {Loud rN+ Will+ rCorr EV-5}
rNeg    + . .        E - +5 crystal plate armour
rPois   +            (helmet restricted)
rElec   +            (no cloak)
rCorr   +            (no gloves)
SInv    +            (no boots)
Will    ++...        F - amulet "Kuewkeul" {Acrobat rElec rPois Str+3} Stlth
                     A - +6 ring of strength
HPRegen 0.36/turn    B - +6 ring of strength
MPRegen 0.19/turn

%: no teleportation, acrobat
@: fragile (+50% incoming damage), flying, mesmerised, studying Ice Magic, very
slow
A: runic magic, artefact enchanting, horns 1, frail 1, weak 1, evolution 1,
inability to read after injury 1
a: Renounce Religion, Bend Time, Temporal Distortion, Slouch, Step From Time


You were in the Dungeon.
You worshipped Cheibriados.
Cheibriados was exalted by your worship.
You visited 1 branch

Inventory:

Hand Weapons
 D - the +16 obsidian axe (weapon) {drain, demonic, Mesm ^Drain Fly SInv}
   (You found it in the Dungeon)

   Mesm:      Its wielder is mesmerised by any visible foes, and it cannot be
   unequipped while any foes are visible.
   SInv:      It lets you see invisible.
   Fly:       It grants you flight.
   ^Drain:    It drains your maximum health when unequipped.
Armour
 C - the +18 shield of the Gong (worn) {Loud rN+ Will+ rCorr EV-5}
   (You found it in the Dungeon)

   Loud:      It is deafeningly noisy when blocking attacks.
   EV-5:      It affects your evasion (-5).
   rN+:       It protects you from negative energy.
   Will+:     It increases your willpower.
   rCorr:     It protects you from acid and corrosion.
 E - a +5 crystal plate armour (worn)
Jewellery
 v - an amulet of reflection
 w - an amulet of magic regeneration
 A - a +6 ring of strength (left hand)
 B - a +6 ring of strength (right hand)
 F - the amulet "Kuewkeul" (around neck) {Acrobat rElec rPois Str+3}
   (You found it in the Dungeon)

   [amulet of the acrobat]

   Acrobat:   It increases your evasion while moving and waiting.
   Str+3:     It affects your strength (+3).
   rElec:     It insulates you from electricity.
   rPois:     It protects you from poison.
Wands
 a - a wand of polymorph (7)
 b - a wand of paralysis (21)
 c - a wand of flame (15)
 s - a wand of mindburst (18)
 t - a wand of iceblast (3)
 u - a wand of quicksilver (18)
Scrolls
 j - 4 scrolls of blinking
 n - a scroll of brand weapon
 o - 4 scrolls of amnesia
 p - 7 scrolls of fog
 q - 5 scrolls of identify
 r - 2 scrolls of fear
Potions
 d - 7 potions of might
 e - 10 potions of curing
 f - 5 potions of heal wounds
 g - 6 potions of haste
 h - 7 potions of magic
 i - 3 potions of berserk rage
 k - 2 potions of brilliance
 l - 2 potions of invisibility
 m - 4 potions of resistance


   Skills:
 + Level 12.6 Fighting
 + Level 13.2 Axes
 + Level 12.2 Armour
 + Level 8.3 Dodging
 + Level 12.2 Shields
 + Level 9.1 Spellcasting
 + Level 12.7 Fire Magic
 + Level 7.6 Ice Magic
 + Level 11.5 Invocations
 + Level 9.6 Evocations


You had 23 spell levels left.
You knew the following spells:

 Your Spells              Type           Power      Damage    Failure   Level
a - Summon Blazeheart Go  Fire/Summ      46%        N/A       7%          4
b - Ensorcelled Hibernat  Hex/Ice        66%        N/A       3%          2

Your spell library contained the following spells:

 Spells                   Type           Power      Damage    Failure   Level
 Ozocubu's Armour         Ice            52%        N/A       1%          3
 Magic Dart               Conj           48%        1d5       10%         1
 Momentum Strike          Conj/Tloc      24%        3d8       14%         2
 Searing Ray              Conj           24%        2d5       14%         2
 Call Canine Familiar     Summ           12%        N/A       28%         3
 Fugue of the Fallen      Necr           12%        N/A       28%         3
 Tukima's Dance           Hex            12%        N/A       28%         3
 Anguish                  Hex/Necr       6%         N/A       67%         4
 Animate Dead             Necr           12%        N/A       67%         4
 Cause Fear               Hex            6%         N/A       67%         4
 Dimensional Bullseye     Hex/Tloc       6%         N/A       67%         4
 Fulminant Prism          Conj/Alch      6%         3d7       67%         4
 Manifold Assault         Tloc           12%        N/A       67%         4
 Curse of Agony           Necr           12%        N/A       95%         5
 Iskenderun's Battlesphe  Conj           12%        2d7       95%         5
 Bombard                  Conj/Erth      6%         9d2       100%        6
 Enfeeble                 Hex            6%         N/A       100%        7
 Haunt                    Necr/Summ      6%         N/A       100%        7
 Orb of Destruction       Conj           6%         9d6       100%        7
 Spellforged Servitor     Conj/Summ      6%         N/A       100%        7
 Borgnjor's Revivificati  Necr           6%         N/A       100%        8
 Death's Door             Necr           6%         N/A       100%        9


Dungeon Overview and Level Annotations

Branches:
Dungeon (1/1)

Altars:
Ashenzari
Cheibriados
Dithmenos
Elyvilon
Fedhas
Gozag
Hepliaklqana
Kikubaaqudgha
Makhleb
Nemelex Xobeh
Okawaru
Qazlal
Ru
Sif Muna
Trog
Uskayaw
Vehumet
Wu Jian
Xom
Yredelemnul
Zin
The Shining One
Beogh
Jiyva
Lugonu


Innate Abilities, Weirdness & Mutations

Your spellcasting is much less encumbered by armour.
You can use scrolls of enchantment on lesser artefacts.
You have a pair of small horns on your head.
You are frail. (-10% HP)
You are weak. (Str -2)
You have hidden genetic potential.
You occasionally lose the ability to read scrolls when taking damage.


Message History

Activating: Slouch (1% risk of failure)
Press: ? - help, Q - select action, (/) - cycle Dir - look around, f - activate You can feel time thicken for a moment.
You break out of your daze!
You kill the quicksilver dragon!
Cheibriados thoroughly appreciates the change of pace.
You kill the quicksilver dragon!
Cheibriados thoroughly appreciates the change of pace.
Visions of slaying the quicksilver dragon flood into your mind.
The quicksilver dragon bites you but does no damage.
You block the quicksilver dragon's attack.
GONNNNG!
The quicksilver dragon breathes dispelling energy at you.
The bolt of dispelling energy misses you.
Your Axes skill increases to level 13!
Your Armour skill increases to level 12!
Your Shields skill increases to level 12!
Your Spellcasting skill increases to level 9!
Your Ice Magic skill increases to level 7!
You have reached level 12!
You feel clever.
You feel much better.
Visions of slaying the crystal guardian flood into your mind.
You block the quicksilver dragon's attack.
SHROANNG!
You block the quicksilver dragon's attack.
GONNNNG!
The quicksilver dragon breathes dispelling energy at you.
The bolt of dispelling energy hits you!!
Your magical effects are unravelling.
* * * LOW HITPOINT WARNING * * *
The crystal guardian fires a shard of itself at you.
The crystallizing shot hits you!
* * * LOW HITPOINT WARNING * * *
You block the stone giant's attack.
GONNNNG!
The crystal guardian fires a shard of itself at you.
The crystallizing shot hits you!
Your body becomes as fragile as glass!
You die...
Cheibriados appreciates the motionlessness of death.

▓....©....
▓..:=/)/):..▓▓▓▓▓▓▓▓▓▓
▓...)?=[/...▓...ß©ß...
▓...........▓..|)[.)..
▓.....E.....▓...)))...
▓...E.......▓.........
..EE9.9...▓.........
▓CD9..▓ ▓.........
▓▓@D.▓▓ ▓.........
▓..▓..9..▓..▓.........
▓.....©.....▓....©....
▓▓▓▓▓▓▓▓▓▓▓▓▓▓▓▓▓▓▓▓▓▓
▓...ß©ß...▓...ß©ß...▓.
▓..).[..[.▓...).[...▓.
▓...))%)..▓..)..[)..▓.
▓.........▓.........▓.
▓.........▓.........▓.


You could see an iron golem, 2 quicksilver dragons, a stone giant, 2 crystal
guardians, 4 earth elementals and a friendly blazeheart golem (summoned,
paralysed).

Vanquished Creatures
  2 quicksilver dragons (D)
  An acid blob (D)
  A green draconian (D)
  A yellow draconian (D)
  A great orb of eyes (D)
  A two-headed ogre (D)
  2 orc high priests (D)
  A glowing orange brain (D)
  2 shining eyes (D)
  An orc knight (D)
  A kobold blastminer (D)
  3 draconians (D)
  A smoke demon (D)
  A polar bear (D)
  4 slime creatures (D)
  A wraith (D)
  2 golden eyes (D)
  A redback (D)
  3 orc warriors (D)
  3 scorpions (D)
  A crimson imp (D)
  A quasit (D)
  2 iron imps (D)
  5 jellies (D)
  An orc priest (D)
  An iguana (D)
  A river rat (D)
  2 shadow imps (D)
  3 white imps (D)
  An ufetubus (D)
  An adder zombie (D)
  5 endoplasms (D)
57 creatures vanquished.

Vanquished Creatures (collateral kills)
  An acid blob (D)
  A yellow draconian (D)
  A shining eye (D)
  A jumping spider (D)
  A slime creature (D)
  A yak (D)
  A neqoxec (D)
  An orc warrior (D)
  2 phantoms (D)
  A bullfrog (D)
  2 scorpions (D)
  2 jellies (D)
  An ufetubus (D)
  A bat zombie (D)
  2 endoplasms (D)
  A jackal simulacrum (D)
20 creatures vanquished.

Grand Total: 77 creatures vanquished

Notes
Turn   | Place    | Note
-------+----------+-------------------------------------------
     0 | D        | Revguard the Mountain Dwarf Fighter began the quest for the
                  | Orb.
     0 | D        | Reached XP level 1. HP: 19/19 MP: 1/1
     0 | D        | Found a shimmering blue altar of Sif Muna.
     0 | D        | Found a bloodstained altar of Trog.
     0 | D        | Found a sacrificial altar of Ru.
     0 | D        | Found a stormy altar of Qazlal.
     0 | D        | Found an iron altar of Okawaru.
     1 | D        | Found a sparkling altar of Nemelex Xobeh.
     1 | D        | Found a blossoming altar of Fedhas.
     1 | D        | Found the +6 Majin-Bo {spellvamp, MP+6 Int+6}
     1 | D        | Found the +27 heavy crossbow "Sniper" {heavy, Acc+∞ SInv}
     1 | D        | Found the +10 dark maul {heavy}
     1 | D        | Found the +15 Maxwell's patent armour {-Cast -Tele rElec
                  | Will+ rCorr}
     1 | D        | Found the +18 shield of the Gong {Loud rN+ Will+ rCorr
                  | EV-5}
     1 | D        | Found the +16 obsidian axe {drain, demonic, Mesm ^Drain Fly
                  | SInv}
     1 | D        | Found the +7 great mace "Firestarter" {flame, immolate,
                  | rFlCloud rF++}
     1 | D        | Found the +6 shillelagh "Devastator" {shatter}
     1 | D        | Found the +11 plutonium sword {^Contam Stlth-}
     1 | D        | Found the +8 lance "Wyrmbane" {slay drac, rPois rF+ rC+
                  | AC+3}
     1 | D        | Found the +9 sword of Zonguldrok {reap}
     1 | D        | Found the +13 scythe of Curses {drain, curses, ^Drain}
     1 | D        | Found the +9 sword of Power {lifebolt}
     1 | D        | Found the +7 mace of Variability {chaos, chaos arc}
     1 | D        | Found the +11 Singing Sword {sonic wave}
     1 | D        | Found the +8 storm bow {elec, penet}
     3 | D        | Found a transporter.
     3 | D        | Found an ancient bone altar of Kikubaaqudgha.
     3 | D        | Found a viscous altar of Jiyva.
     3 | D        | Found a corrupted altar of Lugonu.
     3 | D        | Found a hazy altar of Hepliaklqana.
     3 | D        | Found a burning altar of Makhleb.
     3 | D        | Found an opulent altar of Gozag.
    71 | D        | Reached skill level 4 in Axes
    71 | D        | Reached skill level 1 in Dodging
    71 | D        | Reached XP level 2. HP: 28/28 MP: 1/5
    74 | D        | Became a worshipper of Cheibriados the Contemplative
    82 | D        | Entered arena 2.
    82 | D        | Found a transporter.
    85 | D        | Reached XP level 3. HP: 33/35 MP: 2/6
    85 | D        | Reached * piety under Cheibriados
    86 | D        | Reached skill level 5 in Fighting
    86 | D        | Reached skill level 5 in Armour
    86 | D        | Reached skill level 5 in Shields
   119 | D        | Entered arena 3.
   119 | D        | Noticed a wraith
   119 | D        | Noticed a smoke demon
   119 | D        | Found a transporter.
   123 | D        | Killed a smoke demon
   124 | D        | Reached skill level 7 in Axes
   124 | D        | Reached XP level 4. HP: 20/45 MP: 7/10
   124 | D        | Reached XP level 5. HP: 23/51 MP: 7/11
   124 | D        | Reached XP level 6. HP: 27/58 MP: 7/12
   125 | D        | Killed a wraith
   125 | D        | Reached ** piety under Cheibriados
   228 | D        | Entered arena 4.
   228 | D        | Noticed a yak
   228 | D        | Found a transporter.
   232 | D        | Reached XP level 7. HP: 66/66 MP: 12/14
   232 | D        | Reached *** piety under Cheibriados
   232 | D        | Killed a yak
   233 | D        | Reached skill level 8 in Axes
   233 | D        | Reached skill level 5 in Spellcasting
   238 | D        | Got the amulet "Kuewkeul" {Acrobat rElec rPois Str+3}
   257 | D        | Entered arena 5.
   257 | D        | Found a transporter.
   260 | D        | Reached **** piety under Cheibriados
   262 | D        | Reached skill level 1 in Invocations
   262 | D        | Reached skill level 1 in Evocations
   262 | D        | Reached ***** piety under Cheibriados
   269 | D        | Entered arena 6.
   269 | D        | Noticed a polar bear
   269 | D        | Found a transporter.
   273 | D        | Killed a polar bear
   274 | D        | Reached XP level 8. HP: 68/75 MP: 14/16
   290 | D        | Entered arena 7.
   290 | D        | Noticed a slime creature
   290 | D        | Noticed a shining eye
   290 | D        | Noticed a slime creature
   291 | D        | Found a transporter.
   292 | D        | Killed a slime creature
   292 | D        | Reached ****** piety under Cheibriados
   293 | D        | Reached skill level 5 in Dodging
   296 | D        | Killed a shining eye
   296 | D        | Killed a slime creature
   297 | D        | Reached skill level 9 in Axes
   307 | D        | Entered arena 8.
   307 | D        | Noticed a yellow draconian
   307 | D        | Noticed a draconian
   307 | D        | Noticed a draconian
   307 | D        | Noticed a green draconian
   307 | D        | Noticed a yellow draconian
   307 | D        | Noticed a draconian
   311 | D        | Found a transporter.
   312 | D        | Killed a draconian
   313 | D        | Reached skill level 5 in Invocations
   313 | D        | Reached XP level 9. HP: 42/83 MP: 18/18
   316 | D        | Killed a draconian
   320 | D        | Killed a yellow draconian
   320 | D        | Killed a draconian
   321 | D        | Reached skill level 10 in Fighting
   321 | D        | Reached skill level 10 in Axes
   321 | D        | Reached skill level 5 in Evocations
   322 | D        | Killed a green draconian
   323 | D        | Reached skill level 10 in Armour
   323 | D        | Reached skill level 10 in Shields
   323 | D        | Reached skill level 10 in Fire Magic
   323 | D        | Reached XP level 10. HP: 38/94 MP: 14/20
   325 | D        | Killed a yellow draconian
   326 | D        | Reached skill level 11 in Axes
   341 | D        | Got the Compendium of the Gathering and the Oath
   348 | D        | Learned a level 4 spell: Summon Blazeheart Golem
   470 | D        | Entered arena 9.
   473 | D        | Found a transporter.
   493 | D        | Entered arena 10.
   493 | D        | Found the +5 Lochaber axe {reach-cleave, Poleaxe ^Drain}
   494 | D        | Found a transporter.
   526 | D        | Entered arena 11.
   526 | D        | Found the +3 greatsling "Punk" {acid, rCorr}
   527 | D        | Found a transporter.
   534 | D        | Reached skill level 1 in Ice Magic
   552 | D        | Learned a level 2 spell: Ensorcelled Hibernation
   555 | D        | Entered arena 12.
   555 | D        | Noticed a two-headed ogre
   555 | D        | Noticed an orc knight
   555 | D        | Noticed an orc high priest
   556 | D        | Noticed a kobold blastminer
   556 | D        | Noticed an orc high priest
   558 | D        | Noticed an orange demon
   560 | D        | Killed a two-headed ogre
   563 | D        | Killed an orc high priest
   565 | D        | Reached XP level 11. HP: 44/102 MP: 18/22
   569 | D        | Killed an orc high priest
   570 | D        | Found a transporter.
   577 | D        | Reached skill level 12 in Axes
   580 | D        | Killed an orc knight
   589 | D        | Got the Writings on Black Mysteries and the Vector
   758 | D        | Entered arena 13.
   758 | D        | Noticed an acid blob
   758 | D        | Noticed a glowing orange brain
   758 | D        | Noticed a shining eye
   758 | D        | Noticed a shining eye
   760 | D        | Gained mutation: You have a pair of small horns on your
                  | head. [a shining eye]
   762 | D        | Noticed a great orb of eyes
   762 | D        | Noticed an acid blob
   762 | D        | Gained mutation: You are frail. (-10% HP) [a shining eye]
   764 | D        | Killed an acid blob
   765 | D        | Reached skill level 5 in Ice Magic
   765 | D        | Reached skill level 10 in Invocations
   766 | D        | Gained mutation: You have hidden genetic potential. [a
                  | shining eye]
   767 | D        | Gained mutation: You occasionally lose the ability to read
                  | scrolls when taking damage. [a shining eye]
   767 | D        | Gained mutation: You are weak. (Str -2) [a shining eye]
   770 | D        | Killed a glowing orange brain
   770 | D        | Killed a shining eye
   771 | D        | Killed a great orb of eyes
   772 | D        | Killed an acid blob
   773 | D        | Killed a shining eye
   774 | D        | Found a transporter.
   822 | D        | Entered arena 14.
   823 | D        | Noticed a quicksilver dragon
   823 | D        | Noticed a quicksilver dragon
   823 | D        | Noticed a quicksilver dragon
   823 | D        | Noticed a crystal guardian
   823 | D        | Noticed a stone giant
   823 | D        | Noticed a crystal guardian
   823 | D        | Noticed a quicksilver dragon
   824 | D        | Noticed an iron golem
   825 | D        | Found the +5 scythe "Finisher" {speed, execute}
   828 | D        | Killed a quicksilver dragon
   828 | D        | Killed a quicksilver dragon
   829 | D        | Reached skill level 13 in Axes
   829 | D        | Reached XP level 12. HP: 43/101 MP: 10/25
   829 | D        | Killed from afar by a crystal guardian

Illustrated notes

Levels and vault maps discovered:
D:        sprint_v [room_start, room_1, room_2, room_3, room_4, room_5, room_6,
          room_7, room_8, room_9, room_10, room_11, room_12, room_13, room_14,
          room_15, room_16, room_17, room_18, room_19, room_20, room_21,
          room_22, room_23, room_24, room_25, room_26, room_27]

Skill      XL: |  1  2  3  4  5  6  7  8  9 10 11 |
---------------+----------------------------------+-----
Fighting       | 4 6 7 8 9 10 11 12 | 12.6
Axes           | 4 7 8 9 10 11 13 | 13.2
Armour         | 4 6 7 8 9 10 12 | 12.2
Dodging        | 1 2 3 4 5 6 7 8 |  8.3
Shields        | 4 6 7 8 9 10 12 | 12.2
Spellcasting   | 2 4 5 6 7 9 |  9.1
Fire Magic     | 3 6 7 9 10 11 12 | 12.7
Invocations    | 2 5 7 9 11 | 11.5
Evocations     | 2 4 6 7 9 |  9.6
Ice Magic      | 3 7 |  7.6

Action                     |  1- 3 |  4- 6 |  7- 9 | 10-12 || total
---------------------------+-------+-------+-------+-------++-------
  Melee: Broad axe         |     4 |     4 |    17 |    43 ||    68
         Headbutt          |       |       |       |     2 ||     2
   Cast: Summon Blazeheart |       |       |       |     5 ||     5
         Ensorcelled Hiber |       |       |       |     1 ||     1
 Invoke: Slouch            |       |       |     1 |     2 ||     3
  Evoke: Wand              |       |       |     3 |     1 ||     4
    Use: Potion            |     1 |       |     3 |     2 ||     6
   Stab: Distracted        |       |       |       |     1 ||     1
 Armour: Crystal plate arm |     6 |     2 |    28 |    50 ||    86
  Dodge: Dodged            |       |       |     8 |    27 ||    35
  Block: Kite shield       |     9 |     9 |    50 |    97 ||   165

Table legend: (Time is in decaauts)
 A = Elapsed time spent in this place.
 B = Non-inter-level travel time spent in this place.
 C = Inter-level travel time spent in this place.
 D = Time resting spent in this place.
 E = Time spent auto-exploring this place.
 F = Levels seen in this place.
 G = Mean time per level.
                   A        B        C        D        E       F      G
               +--------+--------+--------+--------+--------+-----+--------+
         Total |    972 |    972 |      0 |    449 |      0 |   1 |  972.0 |
       Dungeon |    972 |    972 |      0 |    449 |      0 |   1 |  972.0 |
               +--------+--------+--------+--------+--------+-----+--------+

Top non-repeatable levels by time:
       D: 972 daAuts
